 Dungeon Crawl Stone Soup version 0.28-a0-850-g09de17f5b5 (webtiles) character file.

Game seed: 9189890185141856183

0 croobank the Sneak (level 1, -2/18 HPs)
             Began as a Demonspawn Delver on Nov 13, 2021.
             Slain by a worm (9 damage)
             ... on level 2 of the Dungeon.
             The game lasted 00:02:37 (144 turns).

croobank the Sneak (Demonspawn Delver)               Turns: 144, Time: 00:02:38

Health: -2/18      AC:  3    Str: 12    XL:     1   Next: 8%
Magic:  1/1        EV: 11    Int: 11    God:
Gold:   0          SH:  0    Dex: 14    Spells: 0/0 levels left

rFire   . . .      SeeInvis .   a - +0 hand axe
rCold   . . .      Faith    .   (no shield)
rNeg    . . .      Spirit   .   b - +0 leather armour
rPois   .          Reflect  .   (no helmet)
rElec   .          Harm     .   (no cloak)
rCorr   .          Rampage  .   (no gloves)
Will    .....                   (no boots)
Stlth   ++........              (no amulet)
HPRegen 0.06/turn               (no ring)
MPRegen 0.07/turn               (no ring)

@: no status effects
A: no striking features
a: no special abilities


You were on level 2 of the Dungeon.
You visited 1 branch of the dungeon, and saw 4 of its levels.

Inventory:

Hand Weapons
 a - a +0 hand axe (weapon)
Armour
 b - a +0 leather armour (worn)
Wands
 g - a wand of digging (3)
Scrolls
 c - a scroll of fog
 d - a scroll of magic mapping
 f - a scroll of teleportation {unknown}
 h - a scroll of holy word {unknown}
 i - a scroll of identify {unknown}
Potions
 e - a potion of haste


   Skills:
 + Level 3.0 Fighting
 + Level 1.7 Axes
 + Level 1.8 Dodging
 + Level 4.5 Stealth


You couldn't memorise any spells.
You didn't know any spells.
Your spell library was empty.

Dungeon Overview and Level Annotations

Branches:
Dungeon (5/15)
 Temple: D:4-7

Altars:


Message History

The black bear bites you!
The black bear claws you but does no damage.
The black bear barely misses you.
You climb upwards.
Found 13 gold pieces and a scroll labelled OVED RAGOONYES.
There is a stone staircase leading down here.
Found 19 gold pieces.
Found a stone staircase leading up.
A ball python comes into view.
The ball python hisses angrily.
The ball python bites you but does no damage.
The ball python closely misses you. The ball python misses you.
The ball python closely misses you.
There is a stone staircase leading up here.
The ball python completely misses you. The ball python closely misses you.
The black bear barely misses you. The black bear claws you.
The black bear completely misses you.
You climb upwards.
Found a puce potion.
There is a stone staircase leading down here.
The ball python closely misses you. The ball python grabs you.
The ball python constricts you.
You escape the ball python's grasp.
The ball python misses you. x2
You see here a puce potion.
The ball python bites you but does no damage.
The ball python closely misses you. The ball python bites you.
The ball python grabs you. The ball python constricts you.
The ball python's grasp on you weakens, but your attempt to escape fails.
The ball python bites you. The ball python constricts you.
You escape the ball python's grasp.
A worm comes into view.
The worm barely misses you.
You barely miss the worm. You hit the ball python.
You kill the ball python!
You hit the worm.
The worm is lightly wounded.
The worm bites you!
Ouch! That really hurt!
You die...

##....##
##..##
#####.##
...#.#
##.####.#.#
........h.#
#.####.###
#.####.#
#.w@h..#
########


You could see a black bear and a worm.

Vanquished Creatures
  A ball python (D:2)
1 creature vanquished.

Notes
Turn   | Place    | Note
-------+----------+-------------------------------------------
     0 | D:5      | croobank the Demonspawn Delver began the quest for the Orb.
     0 | D:5      | Reached XP level 1. HP: 18/18 MP: 1/1
    15 | D:5      | Noticed a gnoll sergeant
    57 | D:5      | Noticed a wyvern zombie
    90 | D:4      | Noticed a black bear
   144 | D:2      | Slain by a worm

Illustrated notes

Levels and vault maps discovered:
D:2:      layout_loops_cross, serial_undead, serial_undead_c, serial_undead_f,
          serial_undead_e, serial_undead_d, kennysheep_generic_room_9,
          uniq_robin
D:3:      layout_rooms, mainiacjoe_overflow_tiny_flanked
D:4:      minmay_razor_zed, layout_cave_pools, uniq_sigmund, uniq_natasha
D:5:      layout_cave_pods

Action                   || total
-------------------------++-------
Melee: Hand axe          ||     2
  Use: Scroll            ||     1
       Potion            ||     1
Armor: Leather armour    ||     6
Dodge: Dodged            ||    16

Table legend: (Time is in decaauts)
 A = Elapsed time spent in this place.
 B = Non-inter-level travel time spent in this place.
 C = Inter-level travel time spent in this place.
 D = Time resting spent in this place.
 E = Time spent auto-exploring this place.
 F = Levels seen in this place.
 G = Mean time per level.
                   A        B        C        D        E       F      G
               +--------+--------+--------+--------+--------+-----+--------+
         Total |    129 |    129 |      0 |      0 |      4 |   4 |   32.2 |
       Dungeon |    129 |    129 |      0 |      0 |      4 |   4 |   32.2 |
               +--------+--------+--------+--------+--------+-----+--------+

Top non-repeatable levels by time:
     D:5: 59 daAuts
     D:4: 41 daAuts
     D:2: 17 daAuts
     D:3: 11 daAuts
